 Dungeon Crawl Stone Soup version 0.31-a0-210-gccc998df9b (webtiles) character file.

Game seed: 8874015835851884815

3100 Ofeo the Conjurer (level 9, -6/80 HPs)
             Began as an Armataur Reaver on June 30, 2023.
             Was an Initiate of Gozag.
             Mangled by a skyshark (glowing shapeshifter) (13 damage)
             ... on level 8 of the Dungeon.
             The game lasted 00:11:46 (7809 turns).

Ofeo the Conjurer (Armataur Reaver)                 Turns: 7809, Time: 00:11:47

Health: -6/80      AC: 12    Str: 30    XL:     9   Next: 59%
Magic:  0/16       EV: 15    Int: 13    God:    Gozag
Gold:   909        SH:  0    Dex: 10    Spells: 17/18 levels left

rFire   . . .        n - +4 dire flail (chaos)
rCold   + . .        (shield currently unavailable)
rNeg    . . .        s - +3 ring mail {rC+}
rPois   .            (helmet restricted)
rElec   .            x - +1 cloak
rCorr   .            (no gloves)
SInv    +            (no barding)
Will    .....        w - amulet of guardian spirit Stlth
                     c - +6 ring of strength
HPRegen 0.33/turn    r - ring of Fedhas's Regard {EV+5 Str+3}
MPRegen 0.15/turn

%: guardian spirit, roll
@: gold aura, hasted, invisible (expiring), very quick
A: large, rugged brown scales 3, deformed body, armoured tail, roll, long
tongue, awkward tongue, horns 1, iridescent scales 1, see invisible, sense
surroundings 1, MP-powered wands
a: Renounce Religion, Potion Petition, Call Merchant, Bribe Branch


You were on level 8 of the Dungeon.
You worshipped Gozag.
Gozag was pleased with you.
You visited 1 branch of the dungeon, and saw 8 of its levels.

You collected 943 gold pieces.
You paid 34 gold pieces to Gozag.

Inventory:

Hand Weapons
 a - a +1 hand axe
 n - a +4 dire flail of chaos (weapon)
Missiles
 g - 2 throwing nets
 u - 10 poisoned darts
 v - 6 curare-tipped darts
Armour
 b - a +1 leather armour
 f - a +0 cloak
 s - a +3 ring mail of cold resistance (worn)
 x - a +1 cloak (worn)
Jewellery
 c - a +6 ring of strength (left hand)
 p - a ring of protection from cold
 r - the ring of Fedhas's Regard (right hand) {EV+5 Str+3}
   (You acquired it on level 2 of the Dungeon)

   [ring of evasion]

   EV:        It affects your evasion (+5).
   Str:       It affects your strength (+3).
 w - an amulet of guardian spirit (around neck)
 y - a +6 ring of strength
Wands
 l - a wand of flame (47)
 o - a wand of iceblast (18) {@v4}
Scrolls
 d - a scroll of acquirement
 h - 3 scrolls of enchant weapon
 j - 3 scrolls of revelation
 t - a scroll of amnesia
 B - a scroll of silence
Potions
 e - 2 potions of degeneration
 k - 2 potions of enlightenment
 m - a potion of attraction
 z - 2 potions of haste {@q3}
 A - a potion of cancellation
 D - 2 potions of brilliance


   Skills:
 + Level 5.7 Fighting
 - Level 3.5(4.4) Axes
 + Level 4.5(5.2) Maces & Flails
 + Level 4.7 Dodging
 + Level 5.3 Spellcasting
 + Level 6.1 Conjurations


You had 17 spell levels left.
You knew the following spells:

 Your Spells              Type           Power      Damage    Failure   Level
a - Kiss of Death         Conj/Necr      44%        2d8       8%          1

Your spell library contained the following spells:

 Spells                   Type           Power      Damage    Failure   Level
 Momentum Strike          Conj/Tloc      22%        3d8       12%         2
 Hailstorm                Conj/Ice       11%        3d5       22%         3
 Ensorcelled Hibernation  Hex/Ice        6%         N/A       38%         2
 Passwall                 Tmut/Erth      2%         N/A       38%         2
 Spider Form              Tmut/Pois      3%         N/A       63%         3
 Swiftness                Air            3%         N/A       63%         3
 Anguish                  Hex/Necr       1%         N/A       95%         4


Dungeon Overview and Level Annotations

Branches:
Dungeon (8/15)             Temple (0/1) D:7
   Lair: D:8-11

Altars:
Ashenzari
Cheibriados
Dithmenos
Fedhas
Gozag
Kikubaaqudgha
Makhleb
Nemelex Xobeh
Okawaru
Ru
Sif Muna
Wu Jian
Zin

Shops:
D:2 :


Innate Abilities, Weirdness & Mutations

You are completely covered in rugged brown scales. (AC +3, +7% HP)
Armour fits poorly on your strangely shaped body.
You have a long armoured tail.
You roll when moving toward enemies. (Rampage)
Your long tongue fully drains potion bottles. (2x potion effects)
Your tongue gives you trouble enunciating. (1.5x scroll delay)
You have a pair of small horns on your head.
You are partially covered in iridescent scales. (AC +2)
You have supernaturally acute eyesight. (SInv)
You passively map a small area around you.
You expend magic power (3 MP) to strengthen your wands.


Message History

The skyshark is severely wounded.
The skyshark bites you!
* * * LOW HITPOINT WARNING * * *
The skyshark closely misses you. x2
You take 6 damage, and have 14/80 hp.
Okay, then.
Press: ? - help, v - describe, . - travel
Here: a skyshark shaped shifter (severely wounded, berserk, strong, unusually resistant, unable to see you)
The floor, spattered with blood.
Okay, then.
Okay, then.
You sock the skyshark! You burn the skyshark.
The skyshark is almost dead.
The skyshark misses you. The skyshark barely misses you.
The skyshark closely misses you.
You barely miss the skyshark.
You tail-slap the skyshark, but do no damage.
The skyshark is almost dead.
You flicker for a moment.
The skyshark completely misses you. The skyshark misses you.
The skyshark tail-slaps you.
* * * LOW HITPOINT WARNING * * *
You take 3 damage, and have 11/80 hp.
You now have 5/16 mp.
You sock the skyshark!
The skyshark suddenly seems more agile.
The skyshark is almost dead.
The skyshark bites you!
* * * LOW HITPOINT WARNING * * *
The skyshark barely misses you. The skyshark closely misses you.
You take 5 damage, and have 6/80 hp.
You now have 3/16 mp.
You barely miss the skyshark. Your headbutt misses the skyshark.
Your tail-slap misses the skyshark.
The skyshark is almost dead.
The skyshark closely misses you. The skyshark barely misses you. x2
You hit the skyshark.
The skyshark resists with almost no effort.
Your headbutt misses the skyshark.
The skyshark is almost dead.
The skyshark bites you!
You die...
Your body crumbles into a pile of gold.

.#.###### #.#...##
~≈.~~.......[.#######.#....#
.o~≈~.................).._..
,
.o≈h≈~.#.####.#####.#.##....
$ .h≈S≈≈≈ * #.# #.#.###...
T≈≈≈≈≈≈ , #.# #.#.###.##
.h≈≈≈≈≈,, #.# #.#....... ~
o~≈≈≈≈~######.## #.#####.##
~.≈≈≈≈S..$l@...## #.# #..#
~≈~~~~~.#####...# #.# #.##
≈≈≈~....# ##..# #.# #.#
≈≈≈~....# #..# #.# #.# ,
~.~.~....# #..# #.####.###
~.......# #..# #.##......
~.......######..###.##.#####
, ....................>..#
,, * #.#######.########


You could see a skyshark shaped shifter (berserk, strong, agile, resistant,
unable to see you) and an electric eel (wandering, unable to see you).

Vanquished Creatures
  Prince Ribbit (D:5)
  Grinder (D:5)
  A steam dragon (D:6)
  Edmund (D:4)
  Duvessa (D:5)
  3 ice beasts
  A water moccasin (D:4)
  A black bear (D:5)
  2 sky beasts (D:7)
  3 wolves (D:8)
  3 centaurs
  An ogre (D:4)
  A phantom (D:5)
  A bullfrog (D:7)
  A necrophage (D:6)
  A scorpion (D:5)
  Dowan (D:5)
  An electric eel (D:8)
  5 hounds
  5 orc priests
  2 jellies (D:6)
  3 iguanas
  2 sleepcaps
  3 orc wizards
  A hound skeleton (D:6)
  3 gnolls (D:2)
  10 adders
  2 white imps
  An ufetubus (D:7)
  3 worms
  19 orcs
  12 ball pythons
  6 endoplasms
  A giant cockroach (D:1)
  7 goblins
  10 hobgoblins
  4 jackals (D:3)
  8 quokkas
  5 bats
  2 frilled lizards (D:3)
  7 kobolds
  5 rats
151 creatures vanquished.

Vanquished Creatures (others)
  An orc (D:8)
1 creature vanquished.

Grand Total: 152 creatures vanquished

Notes
Turn   | Place    | Note
-------+----------+-------------------------------------------
     0 | D:1      | Ofeo the Armataur Reaver began the quest for the Orb.
     0 | D:1      | Reached XP level 1. HP: 18/18 MP: 3/3
    78 | D:1      | Found a faded altar of an unknown god.
   347 | D:1      | Reached XP level 2. HP: 25/25 MP: 4/4
   695 | D:2      | Reached skill level 3 in Conjurations
   695 | D:2      | Reached XP level 3. HP: 23/31 MP: 6/6
   970 | D:2      | Found Cukhetej's Book Emporium.
  1108 | D:2      | Reached XP level 4. HP: 19/39 MP: 7/7
  1815 | D:2      | Identified 2 scrolls of acquirement
  1815 | D:2      | Acquired the ring of Fedhas's Regard {EV+5 Str+3}
  1885 | D:3      | Found a broken altar of Ashenzari.
  2087 | D:3      | Found a blossoming altar of Fedhas.
  2306 | D:3      | Found an iron altar of Okawaru.
  2484 | D:3      | Reached XP level 5. HP: 32/44 MP: 8/8
  2566 | D:3      | Found an opulent altar of Gozag.
  2578 | D:3      | Became a worshipper of Gozag Ym Sagoz the Greedy
  2781 | D:3      | Found a glowing silver altar of Zin.
  2833 | D:3      | Found a shimmering blue altar of Sif Muna.
  3101 | D:4      | Found a snail-covered altar of Cheibriados.
  3120 | D:4      | Identified the +0 chain mail of Greed {SInv}
  3127 | D:4      | Noticed an ogre
  3134 | D:4      | Killed an ogre
  3135 | D:4      | Reached XP level 6. HP: 54/54 MP: 10/10
  3185 | D:4      | Noticed Edmund
  3190 | D:4      | Gained mutation: You passively map a small area around you.
                  | [potion of mutation]
  3190 | D:4      | Gained mutation: You are partially covered in iridescent
                  | scales. (AC +2) [potion of mutation]
  3190 | D:4      | Gained mutation: You have hidden genetic defects. [potion
                  | of mutation]
  3190 | D:4      | Lost mutation: You have hidden genetic defects. [potion of
                  | mutation]
  3190 | D:4      | Gained mutation: You expend magic power (3 MP) to
                  | strengthen your wands. [potion of mutation]
  3190 | D:4      | Gained mutation: You have supernaturally acute eyesight.
                  | (SInv) [potion of mutation]
  3190 | D:4      | Gained mutation: You have a pair of small horns on your
                  | head. [potion of mutation]
  3200 | D:4      | Killed Edmund
  3459 | D:4      | Reached skill level 4 in Conjurations
  3494 | D:4      | Reached XP level 7. HP: 60/60 MP: 11/11
  3779 | D:4      | Found a sparkling altar of Nemelex Xobeh.
  3966 | D:4      | Found an ancient bone altar of Kikubaaqudgha.
  4202 | D:5      | Entered Level 5 of the Dungeon
  4227 | D:5      | Reached skill level 1 in Maces & Flails
  4368 | D:5      | Noticed Dowan
  4368 | D:5      | Noticed Duvessa
  4373 | D:5      | Noticed Prince Ribbit
  4451 | D:5      | Noticed Grinder
  4452 | D:5      | Reached XP level 8. HP: 70/70 MP: 13/13
  4502 | D:5      | Killed Grinder
  4601 | D:5      | Killed Prince Ribbit
  4602 | D:5      | Reached skill level 5 in Conjurations
  4743 | D:5      | Killed Dowan
  4774 | D:5      | HP: 3/71 [Duvessa/+0 short sword (6)]
  4775 | D:5      | Killed Duvessa
  5830 | D:6      | Reached skill level 5 in Fighting
  6058 | D:6      | Found a burning altar of Makhleb.
  6061 | D:6      | Reached XP level 9. HP: 79/79 MP: 14/16
  6442 | D:7      | Found a staircase to the Ecumenical Temple.
  6715 | D:7      | Found an ornate altar of the Wu Jian Council.
  7208 | D:7      | Reached skill level 5 in Spellcasting
  7625 | D:8      | Found a sacrificial altar of Ru.
  7715 | D:8      | Found a shadowy altar of Dithmenos.
  7753 | D:8      | Noticed a troll
  7769 | D:8      | Reached skill level 6 in Conjurations
  7793 | D:8      | a troll changed into a glowing shapeshifter
  7793 | D:8      | Noticed a glowing shapeshifter (glowing shapeshifter)
  7793 | D:8      | a glowing shapeshifter changed into an orb spider
  7793 | D:8      | Noticed an orb spider (glowing shapeshifter)
  7795 | D:8      | an orb spider changed into a skyshark
  7795 | D:8      | Noticed a skyshark (glowing shapeshifter)
  7809 | D:8      | Mangled by a skyshark (glowing shapeshifter)

Illustrated notes

Levels and vault maps discovered:
D:1:      dpeg_arrival_signposts, layout_basic, ebering_ecumenical_altar_ruins
D:2:      layout_basic, serial_shops, nicolae_shop_pleasant_corner_grove
D:3:      layout_loops_ring, okawaru_gym_becter, general_overflow_altar,
          evilmike_ruin_ashenzari, nicolae_sif_muna_little_library,
          mainiacjoe_overflow_24_doors, overflow_temple_1_default,
          minmay_misc_feat_five
D:4:      layout_basic, mainiacjoe_overflow_alcove_4,
          mainiacjoe_overflow_large_starburst, uniq_edmund
D:5:      dreamdust_elfheim, layout_basic, uniq_duvessa, uniq_prince_ribbit1,
          uniq_grinder
D:6:      layout_basic, makhleb_blood_cavern_becter
D:7:      layout_cave_pods, nicolae_wu_jian_immortal_techniques,
          minmay_temple_entry_trees, serial_bayou_lagoon_a
D:8:      layout_loops_ring, grunt_dithmenos_smoke,
          nicolae_overflow_crystal_walls, erik_lair_island

Skill      XL: |  1  2  3  4  5  6  7  8  9 |
---------------+----------------------------+-----
Fighting       | 2 3 4 5 |  5.7
Spellcasting   | 2 3 4 5 |  5.3
Conjurations   | 3 4 5 6 |  6.1
Dodging        | 2 3 4 |  4.7
Axes           | 3 |  3.5
Maces & Flails | 2 3 4 |  4.5

Action                     |  1- 3 |  4- 6 |  7- 9 || total
---------------------------+-------+-------+-------++-------
  Melee: Hand axe          |    99 |   146 |       ||   245
         Tailslap          |     9 |    19 |    15 ||    43
         Dire flail        |       |    23 |   206 ||   229
         Headbutt          |       |     2 |    35 ||    37
  Evoke: Wand              |       |       |     3 ||     3
    Use: Scroll            |     4 |     2 |     9 ||    15
         Potion            |       |     7 |     4 ||    11
 Armour: Leather armour    |    42 |    25 |       ||    67
         Ring mail         |       |    10 |    63 ||    73
         Skin              |       |     4 |       ||     4
  Dodge: Dodged            |    55 |    95 |   179 ||   329

Table legend: (Time is in decaauts)
 A = Elapsed time spent in this place.
 B = Non-inter-level travel time spent in this place.
 C = Inter-level travel time spent in this place.
 D = Time resting spent in this place.
 E = Time spent auto-exploring this place.
 F = Levels seen in this place.
 G = Mean time per level.
                   A        B        C        D        E       F      G
               +--------+--------+--------+--------+--------+-----+--------+
         Total |   7845 |   7589 |    256 |    466 |   5844 |   8 |  980.6 |
       Dungeon |   7845 |   7589 |    256 |    466 |   5844 |   8 |  980.6 |
               +--------+--------+--------+--------+--------+-----+--------+

Top non-repeatable levels by time:
     D:3: 1253 daAuts
     D:2: 1216 daAuts
     D:4: 1195 daAuts
     D:7: 1106 daAuts
     D:6: 1048 daAuts
     D:5: 915 daAuts
     D:1: 647 daAuts
     D:8: 462 daAuts
